 Dungeon Crawl Stone Soup version 0.31.0-9-g3a7656b989 (webtiles) character file.

Game seed: 15596789905072843942

3486 qw the Markself (level 9, -4/52 HPs)
             Began as a Deep Elf Hunter on Feb 3, 2024.
             Killed by divine providence
             ... invoked by an orc priest
              (11 damage)
             ... on level 7 of the Dungeon.
             The game lasted 00:01:39 (5691 turns).

qw the Markself (Deep Elf Hunter)                   Turns: 5691, Time: 00:01:40

Health: -4/52      AC:  9    Str: 12    XL:     9   Next: 79%
Magic:  0/11       EV: 13    Int: 15    God:
Gold:   137        SH:  0    Dex: 18    Spells: 8/8 levels left

rFire   . . .        w - +0 arbalest
rCold   + . .        (shield currently unavailable)
rNeg    . . .        s - +0 ring mail {rC+}
rPois   .            (no helmet)
rElec   .            f - +0 cloak
rCorr   .            a - +0 pair of gloves
SInv    .            l - +1 pair of boots
Will    .....        o - amulet of guardian spirit
Stlth   +            (no ring)
HPRegen 0.28/turn    (no ring)
MPRegen 0.12/turn

%: guardian spirit
@: about to teleport
A: no striking features
a: no special abilities


You were on level 7 of the Dungeon.
You visited 2 branches of the dungeon, and saw 8 of its levels.

You collected 355 gold pieces.
You spent 218 gold pieces at shops.


   Skills:
 - Level 4.1 Fighting
 + Level 16.1 Ranged Weapons
 - Level 2.1 Armour
 - Level 6.0 Dodging
 - Level 1.2 Stealth


You had 8 spell levels left.
You didn't know any spells.
Your spell library was empty.

Inventory:

Hand Weapons
 w - a +0 arbalest (weapon)
Armour
 a - a +0 pair of gloves (worn)
 f - a +0 cloak (worn)
 l - a +1 pair of boots (worn)
 s - a +0 ring mail of cold resistance (worn)
Jewellery
 o - an amulet of guardian spirit (around neck)
Wands
 g - a wand of light (8)
 j - a wand of mindburst (8)
 p - a wand of iceblast (3)
Scrolls
 c - 2 scrolls of identify
 m - 2 scrolls of teleportation
Potions
 b - 3 potions of curing
 d - a potion of attraction {unknown}
 e - a potion of heal wounds
 h - a potion of haste {unknown}
 i - a potion of invisibility {unknown}
 k - 2 potions of mutation
 n - a potion of enlightenment {unknown}
 q - a potion of resistance {unknown}
 r - a potion of ambrosia {unknown}

Dungeon Overview and Level Annotations

Branches:
Dungeon (7/15)             Temple (1/1) D:5

Altars:
Ashenzari
Dithmenos
Elyvilon
Fedhas
Hepliaklqana
Makhleb
Nemelex Xobeh
Qazlal
Sif Muna
Trog
Vehumet
Wu Jian
Xom
Yredelemnul
The Shining One

Shops:
D:2 *   D:7 *


Message History

Things that are here:
a +0 dagger; a +0 leather armour; an orc corpse
m - 3 scrolls of teleportation (gained 2)
You now have 137 gold pieces (gained 9).
A gargoyle comes into view. It is wielding a +0 mace.
Found a green potion and 9 gold pieces.
The gargoyle hurls a stone arrow at you.
The stone arrow misses you.
Enter note:
Enter note:
5688 ||| ZAPPING wand of iceblast (4) at -2,-1 (gargoyle; floor).
Aiming: Iceblast
Press: ? - help, Q - select action, (/) - cycle Shift-Dir - straight line, f - gargoyle The mass of ice explodes!
The iceblast engulfs the gargoyle but does no damage.
You hear a shout! x3
An orc priest comes into view. It is wielding a +0 war axe.
You hear a shout!
You hear a howl!
You shoot a bolt. The bolt hits the gargoyle!!
The gargoyle is severely damaged.
The orc priest invokes the aid of Beogh against you.
You resist with significant effort.
The gargoyle hurls a stone arrow at you.
The stone arrow hits you!!
You shoot a bolt.
The bolt hits the gargoyle but does no damage.
The gargoyle is severely damaged.
The gargoyle hurls a stone arrow at you.
The stone arrow hits you!!
An orc comes into view. It is wielding a +0 club.
The gargoyle hurls a stone arrow at you.
The stone arrow hits you!
5691 ||| READING 3 scrolls of teleportation.
As you read the scroll of teleportation, it crumbles to dust.
You feel strangely unstable.
The gargoyle hurls a stone arrow at you.
The stone arrow misses you.
The orc priest mumbles some strange prayers to Beogh against you.
Beogh smites you!
You die...

.....................##
......................#
......##...###...##...#
.....###.#. #.#.###..#
.....# #...# #...###..#
...... .###...###.....#
.... #. #. #.#...# ...
#.##.....# .. #9@###..#
... #.#..!#..# .....#
#. ..###.## ...... #.
o##. ..# ...... #. .# .
..# ...... # .o .$ .#
.....# #. ## ..... # .#


You could see a gargoyle, an orc priest and an orc.

Vanquished Creatures
  Maurice (D:7)
  Joseph (D:7)
  Prince Ribbit (D:5)
  Eustachio (D:5)
  4 water moccasins
  2 ice beasts (D:5)
  A sky beast (D:5)
  4 black bears
  2 ogres
  3 phantoms
  Blork the orc (D:4)
  A bullfrog (D:7)
  4 scorpions
  4 wights (D:5)
  A bombardier beetle (D:5)
  A crimson imp (D:4)
  3 hounds
  A jelly (D:6)
  A sleepcap (D:6)
  Ijyb (D:4)
  2 iguanas
  2 orc wizards (D:6)
  4 gnolls (D:5)
  3 adders
  A shadow imp (D:6)
  2 dart slugs (D:1)
  8 orcs
  11 ball pythons
  6 endoplasms
  4 giant cockroaches
  6 goblins
  6 hobgoblins
  4 jackals (D:1)
  7 kobolds
  3 quokkas
  6 bats
  4 frilled lizards
  2 goblin skeletons (D:4)
  3 goblin zombies (D:4)
  5 hobgoblin zombies (D:4)
  A kobold skeleton (D:4)
  4 orc zombies (D:4)
  3 rats (D:1)
135 creatures vanquished.

Notes
Turn   | Place    | Note
-------+----------+-------------------------------------------
     0 | D:1      | qw the Deep Elf Hunter began the quest for the Orb.
     0 | D:1      | Reached XP level 1. HP: 12/12 MP: 3/3
     0 | D:1      | 0 ||| qw: Version: 0.3-a-155-g5e7d8dd
     0 | D:1      | 0 ||| qw: Game counter: 2957
     0 | D:1      | 0 ||| qw: Melee chars always use a shield: true
     0 | D:1      | 0 ||| qw: God list: Okawaru
     0 | D:1      | 0 ||| qw: Allow faded altars: false
     0 | D:1      | 0 ||| qw: Do Orc after clearing Dungeon:15 true
     0 | D:1      | 0 ||| qw: Do second Lair branch before Depths: true
     0 | D:1      | 0 ||| qw: Lair rune preference: random
     0 | D:1      | 0 ||| qw: Goals: Normal
     0 | D:1      | 0 ||| PLANNING D:1-11
    35 | D:1      | 35 ||| RETREEEEATING.
    45 | D:1      | Reached XP level 2. HP: 14/16 MP: 4/4
    53 | D:1      | Reached skill level 6 in Ranged Weapons
   231 | D:1      | Reached XP level 3. HP: 15/20 MP: 5/5
   546 | D:1      | 546 ||| UPGRADING to +0 ring mail.
   556 | D:1      | 556 ||| DROPPING +0 leather armour.
   557 | D:1      | 557 ||| DROPPING scroll of butterflies.
   751 | D:2      | Reached skill level 7 in Ranged Weapons
   851 | D:2      | Found Tiosit's Assorted Antiques.
   861 | D:2      | 861 ||| SHOPLISTING 2 scrolls labelled HIAPLI VOHARA (64
                  | gold, have 52).
   861 | D:2      | 861 ||| BUYING bubbling coppery potion (28 gold).
   861 | D:2      | Bought a bubbling coppery potion for 28 gold pieces
   861 | D:2      | 861 ||| SHOPLISTING lead wand (128 gold, have 24).
   861 | D:2      | 861 ||| SHOPLISTING scroll labelled ECOLLYAMIA (32 gold,
                  | have 24).
   861 | D:2      | 861 ||| SHOPLISTING scroll labelled LECSEO XECRAD (32 gold,
                  | have 24).
   861 | D:2      | 861 ||| SHOPLISTING serpentine copper amulet (160 gold,
                  | have 24).
  1167 | D:2      | Reached XP level 4. HP: 19/25 MP: 6/6
  1384 | D:2      | 1384 ||| DRINKING 2 bubbling coppery potions.
  1430 | D:3      | Identified the +2 robe of the Writhing Gods {rC+ Will+
                  | Str-3}
  1809 | D:3      | Found a basalt altar of Yredelemnul.
  2100 | D:3      | 2100 ||| UPGRADING to +2 robe of the Writhing Gods {rC+
                  | Will+ Str-3}.
  2110 | D:3      | 2110 ||| READING scroll labelled ECOLLYAMIA.
  2111 | D:3      | 2111 ||| DRINKING 2 puce potions.
  2113 | D:3      | 2113 ||| Stepping ~*~*~tactically~*~*~ (cloud).
  2260 | D:4      | Noticed a black bear
  2261 | D:4      | 2261 ||| ZAPPING wand of flame (17) at -6,-4 (black bear;
                  | floor).
  2262 | D:4      | 2262 ||| ZAPPING wand of flame (16) at -5,-3 (black bear;
                  | floor).
  2263 | D:4      | 2263 ||| ZAPPING wand of flame (15) at -4,-3 (black bear;
                  | floor).
  2264 | D:4      | 2264 ||| ZAPPING wand of flame (14) at -3,-2 (black bear;
                  | floor).
  2264 | D:4      | Killed a black bear
  2265 | D:4      | Reached skill level 8 in Ranged Weapons
  2265 | D:4      | Reached XP level 5. HP: 29/29 MP: 7/7
  2289 | D:4      | Noticed Blork the orc
  2296 | D:4      | 2296 ||| ZAPPING wand of flame (13) at 0,-3 (Blork the orc;
                  | floor).
  2297 | D:4      | 2297 ||| ZAPPING wand of flame (12) at 0,-1 (Blork the orc;
                  | floor).
  2298 | D:4      | 2298 ||| ZAPPING wand of flame (11) at 0,-1 (Blork the orc;
                  | floor).
  2299 | D:4      | 2299 ||| ZAPPING wand of flame (10) at 0,-1 (Blork the orc;
                  | floor).
  2300 | D:4      | 2300 ||| ZAPPING wand of flame (9) at 0,-1 (Blork the orc;
                  | floor).
  2301 | D:4      | 2301 ||| ZAPPING wand of flame (8) at 0,-1 (Blork the orc;
                  | floor).
  2301 | D:4      | Killed Blork the orc
  2302 | D:4      | Reached skill level 3 in Dodging
  2302 | D:4      | 2302 ||| FLEEEEING.
  2303 | D:4      | 2303 ||| FLEEEEING.
  2387 | D:4      | Found a glowing golden altar of the Shining One.
  2395 | D:4      | Reached skill level 9 in Ranged Weapons
  2395 | D:4      | Reached XP level 6. HP: 34/34 MP: 8/8
  2797 | D:4      | Noticed Ijyb
  2811 | D:4      | Killed Ijyb
  3072 | D:4      | 3072 ||| SWAPPING to +0 arbalest.
  3073 | D:4      | 3073 ||| DROPPING +0 shortbow.
  3074 | D:4      | 3074 ||| DROPPING +0 ring mail.
  3075 | D:4      | 3075 ||| UPGRADING to +0 pair of boots.
  3080 | D:4      | 3080 ||| UPGRADING to +0 ring mail of cold resistance.
  3090 | D:4      | 3090 ||| DROPPING +2 robe of the Writhing Gods {rC+ Will+
                  | Str-3}.
  3091 | D:4      | 3091 ||| DROPPING +6 ring of intelligence.
  3092 | D:4      | 3092 ||| DROPPING ring of magical power.
  3093 | D:4      | 3093 ||| READING scroll labelled TAEGULABLO.
  3094 | D:4      | 3094 ||| READING scroll labelled EWOUSERUX.
  3195 | D:4      | 3195 ||| READING 2 scrolls labelled QUWNA HOLI.
  3296 | D:4      | 3296 ||| READING scroll labelled BUICUU GUTI.
  3300 | D:4      | 3300 ||| READING scroll labelled MACURH ZEEN.
  3301 | D:4      | 3301 ||| READING scroll labelled GUX SABIXT.
  3301 | D:4      | 3301 ||| ENCHANTING +0 pair of boots.
  3302 | D:4      | 3302 ||| DROPPING scroll of vulnerability.
  3316 | D:5      | Entered Level 5 of the Dungeon
  3458 | D:5      | Found a staircase to the Ecumenical Temple.
  3460 | D:5      | 3460 ||| PLANNING TEMPLE
  3460 | D:5      | 3460 ||| UPGRADING to +0 pair of gloves.
  3473 | Temple   | Entered the Ecumenical Temple
  3474 | Temple   | 3474 ||| PLANNING D:1-11
  3661 | D:5      | Reached skill level 1 in Armour
  3661 | D:5      | Reached XP level 7. HP: 40/40 MP: 9/9
  3672 | D:5      | Reached skill level 10 in Ranged Weapons
  3713 | D:5      | Found a stormy altar of Qazlal.
  3775 | D:5      | Reached skill level 11 in Ranged Weapons
  3791 | D:5      | Noticed Eustachio
  3793 | D:5      | 3793 ||| ZAPPING wand of iceblast (1) at 1,-4 (Eustachio;
                  | floor).
  3796 | D:5      | 3796 ||| FLEEEEING.
  3797 | D:5      | 3797 ||| FLEEEEING.
  3798 | D:5      | 3798 ||| FLEEEEING.
  3799 | D:5      | 3799 ||| FLEEEEING.
  3804 | D:5      | Killed Eustachio
  3805 | D:5      | 3805 ||| FLEEEEING.
  3808 | D:5      | 3808 ||| FLEEEEING.
  3809 | D:5      | 3809 ||| FLEEEEING.
  3810 | D:5      | 3810 ||| FLEEEEING.
  3811 | D:5      | 3811 ||| FLEEEEING.
  3812 | D:5      | 3812 ||| FLEEEEING.
  3813 | D:5      | 3813 ||| FLEEEEING.
  3814 | D:5      | 3814 ||| FLEEEEING.
  3815 | D:5      | 3815 ||| FLEEEEING.
  3816 | D:5      | 3816 ||| FLEEEEING.
  3817 | D:5      | 3817 ||| FLEEEEING.
  3818 | D:5      | 3818 ||| FLEEEEING.
  3819 | D:5      | 3819 ||| FLEEEEING.
  3820 | D:5      | 3820 ||| FLEEEEING.
  3821 | D:5      | 3821 ||| FLEEEEING.
  3822 | D:5      | 3822 ||| FLEEEEING.
  3823 | D:5      | 3823 ||| FLEEEEING.
  3824 | D:5      | 3824 ||| FLEEEEING.
  3825 | D:5      | 3825 ||| FLEEEEING.
  3826 | D:5      | 3826 ||| FLEEEEING.
  3930 | D:5      | Reached skill level 12 in Ranged Weapons
  3930 | D:5      | Reached XP level 8. HP: 44/44 MP: 10/10
  4077 | D:5      | HP: 11/45 [poisoned by a water moccasin]
  4251 | D:5      | Noticed Prince Ribbit
  4275 | D:5      | Killed Prince Ribbit
  4276 | D:5      | Reached skill level 3 in Fighting
  4335 | D:5      | Found a shimmering altar of Xom.
  4339 | D:5      | Found an ornate altar of the Wu Jian Council.
  4342 | D:5      | Found a shimmering blue altar of Sif Muna.
  4513 | D:5      | 4513 ||| UPGRADING to +0 cloak.
  4568 | D:6      | Reached skill level 13 in Ranged Weapons
  4659 | D:6      | 4659 ||| RETREEEEATING.
  4665 | D:6      | HP: 9/48 [water moccasin (5)]
  4666 | D:6      | 4666 ||| DRINKING 2 potions of heal wounds.
  4668 | D:6      | Reached skill level 14 in Ranged Weapons
  4757 | D:6      | Reached XP level 9. HP: 50/52 MP: 11/11
  4760 | D:6      | 4760 ||| DRINKING 4 potions of curing.
  4760 | D:6      | 4760 ||| (to cure confusion)
  4819 | D:6      | Found a radiant altar of Vehumet.
  4920 | D:6      | Found a sparkling altar of Nemelex Xobeh.
  5020 | D:6      | 5020 ||| ZAPPING wand of iceblast (5) at 0,-2 (black bear;
                  | floor).
  5105 | D:6      | 5105 ||| UPGRADING to amulet of guardian spirit.
  5110 | D:6      | 5110 ||| READING scroll labelled KUDEAG MYSOI.
  5111 | D:6      | 5111 ||| READING scroll labelled HIAPLI VOHARA.
  5111 | D:6      | 5111 ||| IDENTIFYING grey potion
  5112 | D:6      | 5112 ||| READING scroll labelled LECSEO XECRAD.
  5113 | D:6      | 5113 ||| DROPPING potion of lignification.
  5114 | D:6      | 5114 ||| DROPPING wand of flame (23).
  5141 | D:7      | Noticed Joseph
  5152 | D:7      | Killed Joseph
  5270 | D:7      | Reached skill level 15 in Ranged Weapons
  5402 | D:7      | Noticed Maurice
  5411 | D:7      | Maurice stole 253 gold
  5412 | D:7      | Killed Maurice
  5413 | D:7      | Reached skill level 16 in Ranged Weapons
  5546 | D:7      | Found Ixkog Ifu's General Store.
  5554 | D:7      | 5554 ||| BUYING 2 potions of mutation (160 gold).
  5554 | D:7      | Bought 2 potions of mutation for 160 gold pieces
  5554 | D:7      | 5554 ||| BUYING scroll of teleportation (30 gold).
  5554 | D:7      | Bought a scroll of teleportation for 30 gold pieces
  5554 | D:7      | 5554 ||| SHOPLISTING wand of paralysis (4) (96 gold, have
                  | 75).
  5624 | D:7      | Reached skill level 6 in Dodging
  5687 | D:7      | Noticed a gargoyle
  5688 | D:7      | 5688 ||| ZAPPING wand of iceblast (4) at -2,-1 (gargoyle;
                  | floor).
  5690 | D:7      | HP: 7/52 [gargoyle/stone arrow (12)]
  5691 | D:7      | 5691 ||| READING 3 scrolls of teleportation.
  5691 | D:7      | Killed from afar by an orc priest

Levels and vault maps discovered:
D:1:      lightli_arrival_farm, layout_basic, minivault_26, nrook_campfire
D:2:      layout_loops_ring, serial_shops, shop
D:3:      layout_loops_ring, mainiacjoe_overflow_chevrons, chequers_arboretum,
          chequers_serial_rivers_marsh
D:4:      nicolae_cairo_tiling_large_dashed, layout_gridville,
          nicolae_tso_besieged_by_evil, feat_on_display, uniq_blork_the_orc,
          uniq_ijyb
D:5:      layout_basic, nicolae_qazlal_beasts_of_the_sky,
          grunt_temple_overflow_diamond, minmay_temple_entry_sparse_star,
          uniq_prince_ribbit1, uniq_eustachio
D:6:      layout_basic, nicolae_vehumet_altar_sigil, old_standard_altar
D:7:      layout_layer_cave, serial_shops, shop, minmay_starry_boxes,
          uniq_joseph, uniq_maurice
Temple:   nicolae_temple_bog_church

Skill      XL: |  1  2  3  4  5  6  7  8  9 |
---------------+----------------------------+-----
Ranged Weapons | 6 7 8 9 12 14 16 | 16.1
Dodging        | 3 4 6 |  6.0
Fighting       | 2 3 4 |  4.1
Armour         | 1 2 |  2.1
Stealth        | |  1.2

Action                     |  1- 3 |  4- 6 |  7- 9 || total
---------------------------+-------+-------+-------++-------
   Fire: Shortbow          |    98 |   130 |       ||   228
         Arbalest          |       |    20 |   199 ||   219
  Evoke: Wand              |       |    10 |     3 ||    13
    Use: Potion            |       |     2 |     2 ||     4
         Scroll            |       |     7 |     4 ||    11
 Armour: Leather armour    |    10 |       |       ||    10
         Ring mail         |     4 |    13 |    80 ||    97
         Robe              |       |    19 |       ||    19
  Dodge: Dodged            |    15 |    34 |    67 ||   116

Table legend:
 A = Non-vault XP
 B = Vault XP
 C = Vault XP percentage of total XP
 D = Non-vault monster count
 E = Vault monster count
 F = Vault count percentage of total count
                 A         B        C        D         E       F
            +---------+---------+-------+---------+---------+-------
      Total |    3257 |    1724 |  34.6 |     112 |      23 |  17.0
            +---------+---------+-------+---------+---------+-------
        D:1 |      52 |       0 |   0.0 |      30 |       0 |   0.0
        D:2 |      52 |       0 |   0.0 |      17 |       0 |   0.0
        D:3 |      16 |       0 |   0.0 |       9 |       0 |   0.0
        D:4 |     145 |     197 |  57.6 |      10 |      18 |  64.3
        D:5 |    1194 |     557 |  31.8 |      18 |       3 |  14.3
        D:6 |    1086 |       0 |   0.0 |      17 |       0 |   0.0
        D:7 |     712 |     970 |  57.7 |      11 |       2 |  15.4
            +---------+---------+-------+---------+---------+-------
